Cogmind - Beta 16.1 @@@ ROGUE MODE // 2026.06.18 @ 15:09:11 Player: Lolterzard Result: Destroyed by J3-A5B(R) with Subdweller Laser Performance ------------- Evolutions (0) 0 Regions Visited (3) 600 Robots Destroyed (19) 95 Value Destroyed (316) 316 Prototype IDs (2) 40 Alien Tech Used (0) 0 Bonus (0) 0 TOTAL SCORE: 1051 Bonus ------- None Cogmind --------- Core Integrity 0/250 Matter 295/300 Energy 96/100 System Corruption 0% Temperature Cool (8) Movement Treading (240) Ox1 Location -10/Subcaves Parts ------- > --- POWER (1) -------- (None) > --- PROPULSION (2) --- Light Treads Light Treads > --- UTILITY (2) ------ High-capacity Storage Unit Power Shielding > --- WEAPON (2) ------- (None) > --- INVENTORY (20) --- Ion Engine Ion Engine Light Treads Light Treads Light Treads Light Treads Heat Sink Small Storage Unit Huge Storage Unit Medium Matter Pod (100) Medium Matter Pod (100) Power Shielding Power Shielding Medium Laser Assault Rifle Light Assault Rifle Grenade Launcher Grenade Launcher Datajack Peak State ------------ > --- POWER ------------ Ion Engine > --- PROPULSION ------- Light Treads Light Treads > --- UTILITY ---------- High-capacity Storage Unit Power Shielding > --- WEAPON ----------- Assault Rifle Light Assault Rifle > --- INVENTORY -------- Ion Engine Ion Engine Light Treads Light Treads Light Treads Light Treads Compact Wheel Compact Wheel Heat Sink Small Storage Unit Medium Matter Pod Medium Matter Pod Power Shielding Power Shielding Medium Laser Small Laser Light Assault Rifle Light Assault Rifle Grenade Launcher Grenade Launcher [Rating: 9] Favorites ----------- Power Ion Engine Engine Ion Engine Propulsion Light Treads Treads Light Treads Utility High-capacity Storage Unit Device Seismic Detector Storage High-capacity Storage Unit Protection Power Shielding Weapon Light Assault Rifle Energy Gun Medium Laser Ballistic Gun Light Assault Rifle Build | -11 -10 -10 -10 ------- Run | Yrd Mat Min Sub Slots Evolved . | . . . . Power . | . . . . Propulsion . | . . . . Utility . | . . . . Weapon . | . . . . Parts Attached 19 | 7 7 4 1 Power 3 | 1 2 . . Engine 3 | 1 2 . . Core . | . . . . Reactor . | . . . . Propulsion 4 | 2 1 . 1 Treads 4 | 2 1 . 1 Leg . | . . . . Wheel . | . . . . Hover . | . . . . Flight . | . . . . Utility 8 | 2 3 3 . Device 2 | 1 . 1 . Storage 4 | 1 2 1 . Processor . | . . . . Hackware . | . . . . Protection 2 | . 1 1 . Artifact . | . . . . Weapon 4 | 2 1 1 . Energy Gun 1 | 1 . . . Energy Cannon . | . . . . Ballistic Gun 3 | 1 1 1 . Ballistic Cannon . | . . . . Launcher . | . . . . Special Weapon . | . . . . Impact Weapon . | . . . . Slashing Weapon . | . . . . Piercing Weapon . | . . . . Special Melee Weapon . | . . . . Unidentified Prototypes . | . . . . Parts Lost 6 | . 2 . 4 Power 2 | . 1 . 1 Propulsion 1 | . . . 1 Utility 1 | . 1 . . Weapon 2 | . . . 2 Highest Loss Streak 4 | . 2 . 4 To Critical Strikes . | . . . . Average Backups 15 | 2 15 20 19 Power 1 | . 1 2 2 Propulsion 4 | 1 4 5 4 Utility 5 | . 4 7 7 Weapon 4 | . 4 5 5 Tool/Special . | . . . . Unused Backups 14 | . 1 2 11 Power 2 | . . . 2 Propulsion 5 | . 1 1 3 Utility 2 | . . . 2 Weapon 4 | . . 1 3 Tool/Special 1 | . . . 1 Average Slot Usage (%) 98 | . 98 100 98 Engine 13 | . 12 14 13 Treads 27 | . 28 28 27 Device 5 | . 8 . . Storage 14 | . 14 14 14 Protection 8 | . 5 14 14 Energy Gun 1 | . 2 . . Ballistic Gun 26 | . 25 28 27 Peak Build Rating 9 | 7 9 9 9 Average Rating 8 | 5 8 8 8 On Entrance 6 | . 7 9 9 Avg Prop Armor Cover (%) 26 | 26 . . . Naked Turns . | . . . . Heaviest Build 89 | 13 89 49 48 Greatest Support 40 | 40 40 40 40 Greatest Overweight (x) 2 | 2 2 1 2 Average Overweight (x) . | . 1 1 1 Largest Inventory Capacity 25 | 8 25 25 20 Average Capacity 19 | 6 19 20 20 Most Carried 21 | 5 21 20 20 Average Carried 16 | 3 15 19 19 Final Capacity 25 | 8 25 20 20 Final Carried 21 | 4 21 20 19 Class Distribution -------------------- 100% | Mutant Dominant Class ---------------- Mutant | -10/Materials Mutant | -10/Mines Mutant | -10/Subcaves Resources | -11 -10 -10 -10 ----------- Run | Yrd Mat Min Sub Matter Collected 730 | 253 415 50 12 Remotely . | . . . . Salvage Created 575 | 67 469 . 39 Parts 44 | 3 36 . 5 Haulers Intercepted 2 | . 2 . . Recyclers Shooed 2 | . 2 . . Parts Field Recycled . | . . . . Retrieved Matter . | . . . . Parts Self-Destructed . | . . . . Prevented . | . . . . Parts Restored . | . . . . Kills | -11 -10 -10 -10 ------- Run | Yrd Mat Min Sub Combat Hostiles Destroyed 12 | . 11 . 1 Guns 12 | . 11 . 1 Classes Destroyed 7 | 2 4 . 1 Tunneler 2 | 1 1 . . Hauler 2 | . 2 . . Recycler 2 | 1 1 . . Operator 1 | . 1 . . Swarmer 6 | . 6 . . Grunt 5 | . 5 . . Subdweller 1 | . . . 1 Best Kill Streak 4 | 2 4 . 1 Combat Bots Only 3 | . 3 . 1 Max Kills in Single Turn 1 | 1 1 . 1 Gunslinging . | . . . . Exploded . | . . . . Melee . | . . . . Uniques/NPCs Destroyed . | . . . . Combat | -11 -10 -10 -10 -------- Run | Yrd Mat Min Sub Hostile Shots Fired 91 | . 51 . 40 Missed 29 | . 14 . 15 Hits 62 | . 37 . 25 Projectile 62 | . 37 . 25 Damage Taken 989 | . 401 . 588 Core 256 | . 68 . 188 Absorbed by Shields . | . . . . Redirected to Shielding 31 | . . . 31 Core Remaining (%) 100 | 100 . . . Volleys Fired 47 | 7 33 . 7 Largest 2 | 2 2 . 2 Hottest 70 | 70 70 . 40 Shots Fired 94 | 14 66 . 14 Gun 94 | 14 66 . 14 Cannon . | . . . . Launcher . | . . . . Special . | . . . . Kinetic 75 | 7 54 . 14 Thermal 19 | 7 12 . . Explosive . | . . . . Electromagnetic . | . . . . Robot Hit Streak 10 | 7 6 . 10 Robot Miss Streak 3 | 1 3 . 1 Penetration Max . | . . . . Secondary Targets 1 | . 1 . . Max Gunslinging Chain 1 | . 1 . . Shots Hit Robots 58 | 10 36 . 12 Core Hits 29 | 3 23 . 3 Critical Kills 2 | . 2 . . Critical Parts Destroyed . | . . . . Critical Strikes 3 | . 3 . . Burn 1 | . 1 . . Destroy 2 | . 2 . . Melee Attacks . | . . . . Impact . | . . . . Slashing . | . . . . Piercing . | . . . . Sneak Attacks . | . . . . Combat Hostiles . | . . . . Follow-up Attacks . | . . . . Damage Inflicted 658 | 119 438 . 101 Guns 657 | 119 437 . 101 Cannons . | . . . . Explosions . | . . . . Melee . | . . . . Ramming 1 | . 1 . . Kinetic 498 | 47 350 . 101 Thermal 159 | 72 87 . . Explosive . | . . . . Electromagnetic . | . . . . Impact . | . . . . Slashing . | . . . . Piercing . | . . . . Highest Corruption . | . . . . Average Corruption . | . . . . Corruption Purged . | . . . . Corruption Blocked . | . . . . Overload Shots . | . . . . Overflow Damage . | . . . . Projectiles . | . . . . Explosions . | . . . . Melee . | . . . . Knockbacks . | . . . . Impact . | . . . . Kinetic . | . . . . Secondary . | . . . . Self-Inflicted Damage . | . . . . Shots . | . . . . Rammed 1 | . 1 . . Targets Rammed 1 | . 1 . . Kicked . | . . . . Crushed . | . . . . Highest Temperature 45 | 36 45 . . Average Temperature 15 | 15 15 . . Received Heat Transfer 306 | . 120 . 186 Siege Activations . | . . . . Martial Activations . | . . . . Shielding Activations . | . . . . Robots Disrupted . | . . . . Combat Hostiles . | . . . . Robots Corrupted . | . . . . Combat Hostiles . | . . . . Parts Fried . | . . . . Impact Corruptions . | . . . . Robots Melted . | . . . . Combat Hostiles . | . . . . Parts Melted . | . . . . Heat Transferred 555 | 222 333 . . Parts Sabotaged . | . . . . Parts Stolen . | . . . . Parts Stripped . | . . . . Power Chain Reactions . | . . . . Alert | -11 -10 -10 -10 ------- Run | Yrd Mat Min Sub Maximum Alert Level . | . . . . Low Security (%) 100 | 100 100 100 . Level 1 . | . . . . Level 2 . | . . . . Level 3 . | . . . . Level 4 . | . . . . Level 5 . | . . . . High Security . | . . . . Max Security . | . . . . Peak Influence 102 | 5 102 . . Initial . | . . . . Average 18 | 1 26 . . Influence Increases 308 | 10 298 . . Destroy 0b10 Robot/C 220 | . 220 . . Destroy 0b10 Robot/NC 35 | 10 25 . . Destroy Leader 44 | . 44 . . Successful Hack 9 | . 9 . . Influence Decreases 308 | 10 298 . . Time Decay 288 | 10 278 . . Lost Part 20 | . 20 . . Squads Dispatched 2 | . 2 . . Investigation 2 | . 2 . . Extermination . | . . . . Reinforcement . | . . . . Assault . | . . . . Garrison . | . . . . Intercept . | . . . . Searches Triggered . | . . . . Construction Impeded . | . . . . Haulers Reinforced . | . . . . Active Scanning Responses . | . . . . Cargo Convoy Interrupts . | . . . . Stealth | -11 -10 -10 -10 --------- Run | Yrd Mat Min Sub Distress Signals . | . . . . Communications Jammed . | . . . . Distress Signals . | . . . . Times Spotted 18 | . 12 . 6 Peak Tracking Total 5 | . 5 . 5 Tactical Retreats . | . . . . Traps | -11 -10 -10 -10 ------- Run | Yrd Mat Min Sub Traps Triggered 1 | . 1 . . Indirectly . | . . . . Trap Hack Attempts . | . . . . Triggered . | . . . . Disarmed . | . . . . Reprogrammed . | . . . . Reused . | . . . . Traps Extracted . | . . . . Installed . | . . . . Triggered . | . . . . Machines | -11 -10 -10 -10 ---------- Run | Yrd Mat Min Sub Machines Disabled . | . . . . Max in Single Turn . | . . . . Machines Repaired . | . . . . Machines Dismantled . | . . . . Machines Sabotaged . | . . . . Overloaded Fab Kills . | . . . . Hacking | -11 -10 -10 -10 --------- Run | Yrd Mat Min Sub Machines Accessed 5 | . 5 . . Terminals 4 | . 4 . . Fabricators . | . . . . Repair Stations . | . . . . Recycling Units 1 | . 1 . . Scanalyzers . | . . . . Garrison Access . | . . . . Total Hacks 7 | . 7 . . Successful 2 | . 2 . . Failed 5 | . 5 . . Catastrophic 1 | . 1 . . Database Lockouts . | . . . . Manual 1 | . 1 . . Terminals 5 | . 5 . . Fabricators . | . . . . Repair Stations . | . . . . Recycling Units 2 | . 2 . . Scanalyzers . | . . . . Garrison Access . | . . . . Terminal Hacks 2 | . 2 . . Prototype ID Bank 1 | . 1 . . Locate Traps 1 | . 1 . . Fabricator Hacks . | . . . . Repair Station Hacks . | . . . . Recycling Unit Hacks . | . . . . Scanalyzer . | . . . . Garrison Access Hacks . | . . . . Unauthorized Hacks . | . . . . Terminals . | . . . . Fabricators . | . . . . Repair Stations . | . . . . Recycling Units . | . . . . Scanalyzers . | . . . . Garrison Access . | . . . . Data Cores Recovered 1 | . 1 . . Used 1 | . 1 . . Hacking Detections 3 | . 3 . . Full Trace Events . | . . . . Feedback Events . | . . . . Feedback Blocked . | . . . . Robot Schematics Acquired . | . . . . Robots Built . | . . . . Authchips . | . . . . Time . | . . . . Total Robot Build Rating . | . . . . Part Schematics Acquired . | . . . . Parts Built . | . . . . Authchips . | . . . . Time . | . . . . Total Part Build Rating . | . . . . Part Studies Acquired . | . . . . Parts Repaired . | . . . . Time . | . . . . Parts Recycled . | . . . . Recycled Matter . | . . . . Retrieved Matter . | . . . . Retrieved Components . | . . . . Parts Scanalyzed . | . . . . Part Schematics Acquired . | . . . . Parts Damaged . | . . . . Bothacking | -11 -10 -10 -10 ------------ Run | Yrd Mat Min Sub Used RIF Installer . | . . . . Robots Hacked . | . . . . Non-combat . | . . . . Combat . | . . . . Robot Hacks Applied . | . . . . Relay Couplers Released . | . . . . Fabnet Peak Effective % . | . . . . Robots Rewired . | . . . . Allies Hacked . | . . . . Hacks Repelled . | . . . . Allies | -11 -10 -10 -10 -------- Run | Yrd Mat Min Sub Total Allies . | . . . . Largest Group . | . . . . Highest-Rated Group . | . . . . Highest-Rated Ally . | . . . . Total Orders . | . . . . Ally Attacks . | . . . . Total Damage . | . . . . Kills . | . . . . Allies Corrupted . | . . . . Allies Melted . | . . . . Intel | -11 -10 -10 -10 ------- Run | Yrd Mat Min Sub Active Infowar (turns) 641 | 14 627 . . Seismic 641 | 14 627 . . Robot Analysis Total . | . . . . Derelict Logs Recovered 1 | . . . 1 Drone Launches . | . . . . Drone Recoveries . | . . . . Exploration | -11 -10 -10 -10 ------------- Run | Yrd Mat Min Sub Turns Passed 1863 | 124 1089 372 278 Spaces Moved 730 | 69 402 152 107 Core 38 | 38 . . . Treads 692 | 31 402 152 107 Legs . | . . . . Wheels . | . . . . Hover . | . . . . Flight . | . . . . Fastest Speed 50 | 50 160 240 240 Average Speed 230 | 129 240 240 243 Slowest Speed 320 | 160 320 240 320 Overloaded Moves . | . . . . Propulsion Burnouts . | . . . . Robots Hopped . | . . . . Potential Cave-ins . | . . . . Cave-ins Triggered . | . . . . Exploration Rate (%) 24 | 4 59 27 8 Regions Visited 3 Branch Regions 2 Pre-discovered Areas 1 | . . 1 . Known Exits Taken . | . . . . Unknown Exits Taken 3 | 1 1 1 . Scrap Searched 1 | . . 1 . Spaces Dug . | . . . . Terrain Destroyed . | . . . . Melee . | . . . . Projectile . | . . . . AOE . | . . . . Terrain Rammed . | . . . . Walls Destroyed . | . . . . Machines Disabled . | . . . . Actions | -11 -10 -10 -10 --------- Run | Yrd Mat Min Sub Total 826 | 88 464 159 115 Wait . | . . . . Move 727 | 68 401 151 107 Hop . | . . . . Pick Up 25 | 6 18 1 . Fast Attach 7 | 5 2 . . Attach 4 | 2 1 . 1 Detach . | . . . . Swap 9 | . 4 5 . Drop 6 | . 4 2 . Fire 47 | 7 33 . 7 Melee . | . . . . Ram . | . . . . Kick . | . . . . Crush 1 | . 1 . . Escape Stasis . | . . . . Rewire . | . . . . Trap . | . . . . Miscellaneous . | . . . . Route ------- -11/Scrapyard -10/Materials (discovered 3 exits: [*Mat x2] / [*Min]) -10/Mines -10/Subcaves (discovered 1 exit: [*Mat]) History --------- Turn | Location | Event 12 | -11/Scrapyard | Discovered new exit (range 16) 125 | -11/Scrapyard | Entered Materials 300 | -10/Materials | Build established: Mutant 625 | -10/Materials | Derelicts attacked the area 713 | -10/Materials | Discovered new exit (range 11) 974 | -10/Materials | Discovered new exit (range 6) 1166 | -10/Materials | Discovered new exit (range 13) 1214 | -10/Materials | Entered Mines 1215 | -10/Mines | Learned location of Storage (-7) 1565 | -10/Mines | Discovered new exit (range 9) 1586 | -10/Mines | Entered Subcaves 1586 | -10/Subcaves | Discovered new exit (range 13) 1615 | -10/Subcaves | Learned Materials emergency access door positions 1818 | -10/Subcaves | A Subdweller sparked back to life 1818 | -10/Subcaves | A Subdweller sparked back to life 1818 | -10/Subcaves | A Subdweller sparked back to life 1822 | -10/Subcaves | Core integrity fell below 50% 1837 | -10/Subcaves | Core integrity fell below 20% 1864 | -10/Subcaves | Destroyed by J3-A5B(R) with Subdweller Laser Last Messages --------------- 01565_ EXIT=FOUND 01566_ K-01 Serf collects debris. 01566_ U-05 Engineer lays Concrete. 01570_ K-01 Serf collects debris. LOCATION=UNKNOWN AMBIENT_HEAT=-10 GOAL=ESCAPE 01586_ EXIT=FOUND 01615_ Acquired derelict log, extracted data. Data stored: Materials emergency access points. 01650_ SN-7AS(R) destroyed. 01655_ Acquired 12 matter. 01662_ Subatomizers dissect the Sub. Beam Cannon. 01818_ 4T-LX3(R) creaks and sparks as it begins to move. 01818_ J3-A5B(R) creaks and sparks as it begins to move. 01818_ 7R-80B(R) creaks and sparks as it begins to move. 01841_ Lgt. Assault Rifle destroyed. 01841_ Lgt. Treads destroyed. 01852_ Ion Engine destroyed. 01862_ Lgt. Assault Rifle destroyed. Map ----- +----------------------------------------------------+ | ?????????????????????????????????????????????????? | | ?????????????????????????????????????????????????? | | ?????????????????????????????????????????????????? | | ?????????????????????????????????????????????????? | | ?????????????????????????????????????????????????? | | ?????????????????????????????????????????????????? | | ?????????????????????????????????????????????????? | | ?????????????????????????????????????????????????? | | ?????????????????????????????????????????????????? | | ?????????????????????????????????????????????????? | | ?????????????????????????????????????????????????? | | ?????????????????????????????????????????????????? | | ?????????????????????????????????#??????###??????? | | ????????????????????????????????? ##??? # #??????? | | ????????????????????????????????? ??? ???????? | | ????????????????????????????????## #?? ##??????? | | ????????????????????????????????# ## ###?##?? | | ????????????????????????????????? " # # #?? | | ??????????????????##????????????## & #??? | | ?????????????????##"??????????### & ???? | | ?????????????" ??"" ?#####??## " #?????? | | ?????????????" "" ## ##?# # " # # | | ??????????????" "" ### | | ?????????????#" < ### ## ## # | | ????????????# " """ ##??## #????? #????? | | ??????????## " " """" @ #### #?????#?????? | | ?????????? ?""" """"" ## ##??# ##????? | | ?????????? ?? """ " ## ## #????? | | ?????????? # " ## " ### #?????? | | ?????????? #??" ???#" ##" # #?????? | | ??????#### #???????## # # #?###?????? | | ?????## # #????????# ## R ##?????????? | | ?????# #????????## # R #??????????? | | ?????# ##???####?# # ### #??????????? | | ?????# #???## #### ###### #?## #???????? | | ????## ##### &#! #???# #???# #???????? | | ????# &%& ##???# #???? ##???????? | | ????## !###???? ???? #????????? | | ?????###### ######?????# #??? #???????? | | ??????????# ##????????? ##???# ??????? | | ??????????# #???????? ###????? ?????? | | ??????????# #???????? ???????? ????? | | ??????????# ##???????# ???????? ????? | | ??????????#### ##????????# ?????????## ????? | | ????????????## #?????????? ???????????# ??????? | | ????????????# #????????? ???????????????????? | | ????????????# ##????????? #???????????????????? | | ???????????## #???????????????????????????????? | | ???????????# ##??????????????????????????????? | | ???????????# ##?????????????????????????????? | +----------------------------------------------------+ Best States ------------- Heat Dissipation 25 Energy Generation 10 Energy Capacity 250 Matter Stores 300 Matter Capacity 300 Sight Range 16 Terrain Scan Density 10 Power Shielding 33 Evasion (%) 50 Recoil Reduction 2 Item Schematics ----------------- None Robot Schematics ------------------ None Fabricated ------------ Nothing Repaired ---------- Nothing Studied --------- None Alien Tech Used ----------------- None Achievements -------------- None Challenges ------------ None Game ------ Seed AlertIonFlail Manual? 0 Play Time 00:07:20 Cumulative 38.5 hours Start 2026.06.18 @ 15:02:48 End 2026.06.18 @ 15:09:11 Sessions 1 Manual Loads 0 Difficulty Rogue Special Mode None Game No. 71 Rogue 71 Adventurer 0 Explorer 0 Win Type - Total 0 Types 0/0/0/0/0/0/0/0/0/0 Lore% 22 Gallery% 20 Achievement% 19 Wizard Run 0 Options --------- Layout 0 ASCII 0 Keyboard 0 Movement Mouse Keybinds 0 Fullscreen 2 Font 24/Smallcaps Map View 76x50 Zoom Use 0% Tactical HUD 1 Map Filters NONE Filters NONE Steam 1 RUN: 9723b7a5-1e54-4cc1-86b9-1419cf97fc56